 Dungeon Crawl Stone Soup version 0.28-a0-861-ge64d6db94f (webtiles) character file.

Game seed: 4201285435335916674

3 Sweeb the Shooter (level 1, -1/12 HPs)
             Began as a Deep Elf Hunter on Nov 16, 2021.
             Slain by a jackal (2 damage)
             ... on level 1 of the Dungeon.
             The game lasted 00:00:31 (64 turns).

Sweeb the Shooter (Deep Elf Hunter)                   Turns: 64, Time: 00:00:31

Health: -1/12      AC:  3    Str:  9    XL:     1   Next: 41%
Magic:  3/3        EV: 12    Int: 15    God:
Gold:   0          SH:  0    Dex: 15    Spells: 0/0 levels left

rFire   . . .      SeeInvis .   b - +0 short sword
rCold   . . .      Faith    .   (no shield)
rNeg    . . .      Spirit   .   c - +0 leather armour
rPois   .          Reflect  .   (no helmet)
rElec   .          Harm     .   (no cloak)
rCorr   .          Rampage  .   (no gloves)
Will    .....                   (no boots)
Stlth   ++........              (no amulet)
HPRegen 0.04/turn               (no ring)
MPRegen 0.08/turn               (no ring)

@: no status effects
A: no striking features
a: no special abilities


You were on level 1 of the Dungeon.
You visited 1 branch of the dungeon, and saw 1 of its levels.

Inventory:

Hand Weapons
 a - a +1 shortbow
 b - a +0 short sword (weapon)
Missiles
 d - 20 arrows
Armour
 c - a +0 leather armour (worn)
Scrolls
 e - a scroll of vulnerability {unknown}


   Skills:
 * Level 1.7 Fighting
 + Level 5.3 Bows
 + Level 2.5 Dodging
 + Level 1.4 Stealth


You couldn't memorise any spells.
You didn't know any spells.
Your spell library was empty.

Dungeon Overview and Level Annotations

Branches:
Dungeon (1/15)

Altars:


Message History

You hit the jackal.
The jackal is heavily wounded.
The jackal barely misses you.
Unknown command.
You completely miss the jackal.
The jackal is heavily wounded.
The jackal bites you but does no damage.
The jackal closely misses you.
Unknown command.
You hit the jackal.
The jackal is severely wounded.
The jackal barely misses you. x2
Unknown command.
You closely miss the jackal.
The jackal is severely wounded.
The jackal bites you.
* * * LOW HITPOINT WARNING * * *
Unknown command.
You hit the jackal but do no damage.
The jackal is severely wounded.
The jackal bites you but does no damage.
The jackal misses you.
Unknown command.
You hit the jackal.
The jackal is almost dead.
The jackal bites you but does no damage.
Unknown command.
You closely miss the jackal.
The jackal is almost dead.
The jackal closely misses you.
The jackal bites you but does no damage.
Unknown command.
You miss the jackal.
The jackal is severely wounded.
The jackal closely misses you.
Unknown command.
You hit the jackal but do no damage.
The jackal is severely wounded.
The jackal closely misses you. The jackal bites you.
You die...

≈..≈... ≈≈...# ###. #
#.#.>##.... #.##.#.....#
#.......(# #.....>.## ..#
.. ...###.#.## ...# #...
#..#hh## ###...# #...##
#@###..# #.....#
#.#...##h####.#####.....#
........hh.h............#
...#.................#
.#.................#
#.............###...#
##...........##.##..#
##.....†....#...#..#
#..........+.<.'..#


You could see 3 jackals.

Vanquished Creatures
  A hobgoblin (D:1)
  A jackal (D:1)
  A rat (D:1)
3 creatures vanquished.

Notes
Turn   | Place    | Note
-------+----------+-------------------------------------------
     0 | D:1      | Sweeb the Deep Elf Hunter began the quest for the Orb.
     0 | D:1      | Reached XP level 1. HP: 12/12 MP: 3/3
    64 | D:1      | Slain by a jackal

Illustrated notes

Levels and vault maps discovered:
D:1:      dpeg_arrival_shelter, layout_rooms,
          shapermc_ecumenical_altar_notcrosses, chequers_serial_rivers_marsh

Action                   || total
-------------------------++-------
Melee: Short sword       ||    26
Armor: Leather armour    ||    11
Dodge: Dodged            ||    24

Table legend: (Time is in decaauts)
 A = Elapsed time spent in this place.
 B = Non-inter-level travel time spent in this place.
 C = Inter-level travel time spent in this place.
 D = Time resting spent in this place.
 E = Time spent auto-exploring this place.
 F = Levels seen in this place.
 G = Mean time per level.
                   A        B        C        D        E       F      G
               +--------+--------+--------+--------+--------+-----+--------+
         Total |     66 |     66 |      0 |      0 |      8 |   1 |   66.0 |
       Dungeon |     66 |     66 |      0 |      0 |      8 |   1 |   66.0 |
               +--------+--------+--------+--------+--------+-----+--------+

Top non-repeatable levels by time:
     D:1: 66 daAuts
